 Dungeon Crawl Stone Soup version 0.30-a0-46-g5a63ccc183 (webtiles) character file.

Game seed: 12239983503789061276

74 IdlyInterested the Poker (level 4, -4/33 HPs)
             Began as a Demonspawn Wanderer on Sept 1, 2022.
             Killed by nerve-wracking pain
             ... invoked by Jessica
              (14 damage)
             ... on level 2 of the Dungeon.
             The game lasted 00:04:36 (1191 turns).

IdlyInterested the Poker (Demonspawn Wanderer)      Turns: 1191, Time: 00:04:36

Health: -4/33      AC:  7    Str: 16    XL:     4   Next: 9%
Magic:  6/6        EV:  9    Int: 14    God:
Gold:   51         SH:  0    Dex: 10    Spells: 5/6 levels left

rFire   . . .      SeeInvis .    a - +2 spear
rCold   . . .      Faith    .    (no shield)
rNeg    . . .      Spirit   .    k - +0 scale mail
rPois   .          Reflect  .    l - +0 helmet
rElec   .          Harm     .    (no cloak)
rCorr   .          Rampage  .    (no gloves)
Will    .....                    (no boots)
Stlth   ..........               (no amulet)
HPRegen 0.11/turn                (no ring)
MPRegen 0.10/turn                (no ring)

@: no status effects
A: claws 1, powered by death 1, demonic magic 1
a: no special abilities


You were on level 2 of the Dungeon.
You visited 1 branch of the dungeon, and saw 2 of its levels.

You collected 51 gold pieces.

Inventory:

Hand Weapons
 a - a +2 spear (weapon)
Armour
 b - a +0 ring mail
 d - a +0 leather armour
 k - a +0 scale mail (worn)
 l - a +0 helmet (worn)
Scrolls
 c - a scroll of fear
 e - a scroll of enchant armour {unknown}
 g - 2 scrolls of immolation {unknown}
 i - 2 scrolls of identify {unknown}
 m - a scroll of teleportation {unknown}
Potions
 f - a potion of curing
 h - 2 potions of brilliance {unknown}
 j - a potion of degeneration {unknown}


   Skills:
 - Level 2.0 Fighting
 * Level 3.1 Polearms
 + Level 1.8 Armour
 - Level 1.0 Stealth
 + Level 1.9 Spellcasting
 - Level 1.7 Fire Magic
 - Level 1.2 Invocations


You had 5 spell levels left.
You knew the following spells:

 Your Spells              Type           Power      Damage    Failure   Level
a - Foxfire               Conj/Fire      12%        2x1d4     52%         1

Your spell library contained the following spells:

 Spells                   Type           Power      Damage    Failure   Level
 Sting                    Tmut/Pois      4%         1d3       65%         1
 Ignite Poison            Fire/Tmut/Pois 3%         N/A       90%         3


Dungeon Overview and Level Annotations

Branches:
Dungeon (2/15)

Altars:

Annotations:
D:2 Jessica, Natasha


Innate Abilities, Weirdness & Mutations

You have sharp fingernails.
You regenerate a little health from kills.
Spells you cast may paralyse adjacent enemies.


Message History

Jessica and a quokka come into view.
Jessica is wielding a +9 club and wearing a +2 robe of willpower.
You hear an angry hiss.
Jessica gestures wildly while chanting.
Jessica seems to speed up.
Found three items.
There is an open door here.
Jessica mumbles some strange words.
Jessica blinks!
The quokka bites you but does no damage.
Jessica hits you with a +9 club.
You hit the quokka.
The quokka is moderately wounded.
Jessica hits you with a +9 club.
The quokka bites you but does no damage.
You hit Jessica.
Jessica is lightly wounded.
Jessica closely misses you.
The quokka bites you but does no damage.
You hit Jessica.
Jessica is heavily wounded.
Jessica hits you with a +9 club!
The quokka bites you but does no damage.
Jessica hits you but does no damage.
You closely miss Jessica.
Jessica is heavily wounded.
Jessica barely misses you.
The quokka bites you but does no damage.
Natasha, Servant of Life and Death comes into view.
You hit Jessica.
Jessica is severely wounded.
Jessica hits you but does no damage.
The quokka bites you but does no damage.
Jessica mumbles something strange.
Jessica hits you with a +9 club!
* * * LOW HITPOINT WARNING * * *
It was a potion of curing.
You feel better. The quokka barely misses you.
Jessica points at you and mumbles some strange words.
Pain shoots through your body!
You die...

#.#.######
#.#... ..#
#.#.####.#
#..#.....##
#.#.......##
##..#####..##
....##!.!##..#
##..#.....#..#
#..#?..r@@h.#
#..#.....#..#
#..##...##..#
#.. #### ...#
...# .##.# #
.# .#


You could see Natasha, Jessica (fast) and a quokka.

Vanquished Creatures
  Robin (D:2)
  An adder (D:2)
  A worm (D:2)
  A dart slug (D:1)
  2 ball pythons
  5 endoplasms
  A giant cockroach (D:1)
  10 goblins
  10 hobgoblins
  3 kobolds
  2 bats
  2 frilled lizards
  4 rats
43 creatures vanquished.

Vanquished Creatures (others)
  3 foxfires
3 creatures vanquished.

Grand Total: 46 creatures vanquished

Notes
Turn   | Place    | Note
-------+----------+-------------------------------------------
     0 | D:1      | IdlyInterested the Demonspawn Wanderer began the quest for
                  | the Orb.
     0 | D:1      | IdlyInterested set off with the following items: a +2
                  | spear, a +0 ring mail, a scroll of fear; and the following
                  | spell memorised: Foxfire; and the following spells
                  | available to memorise: Ignite Poison.
     0 | D:1      | Reached XP level 1. HP: 16/16 MP: 2/2
    47 | D:1      | Reached skill level 2 in Polearms
   113 | D:1      | Gained mutation: You regenerate a little health from kills.
                  | [demonic ancestry]
   113 | D:1      | Reached XP level 2. HP: 17/22 MP: 3/3
   241 | D:1      | Found a faded altar of an unknown god.
   249 | D:1      | Got Plato's Textbook on Impurities
   565 | D:2      | Noticed Robin
   579 | D:2      | Gained mutation: Spells you cast may paralyse adjacent
                  | enemies. [demonic ancestry]
   579 | D:2      | Reached XP level 3. HP: 27/27 MP: 3/5
   597 | D:2      | Killed Robin
   738 | D:2      | Reached skill level 3 in Polearms
  1088 | D:2      | Gained mutation: You have sharp fingernails. [demonic
                  | ancestry]
  1088 | D:2      | Reached XP level 4. HP: 33/33 MP: 6/6
  1183 | D:2      | Noticed Jessica
  1189 | D:2      | Noticed Natasha
  1191 | D:2      | Killed from afar by Jessica

Illustrated notes

Levels and vault maps discovered:
D:1:      dpeg_arrival_rooms_with_view, layout_rooms,
          shapermc_ecumenical_altar_rom_forum
D:2:      layout_loops_ring, serial_shops, nicolae_shop_advertising_works
          [nicolae_subvault_shop_adworks], kennysheep_path_1,
          kennysheep_jessica_study, uniq_robin, uniq_natasha

Skill      XL: |  1  2  3 |
---------------+----------+-----
Polearms       | 2 3 |  3.1
Fighting       | |  2.0
Armour         | |  1.8
Stealth        | |  1.0
Spellcasting   | |  1.9
Fire Magic     | |  1.7
Invocations    | |  1.2

Action                   |  1- 3 |  4- 6 || total
-------------------------+-------+-------++-------
Melee: Spear             |   126 |    12 ||   138
 Cast: Foxfire           |     2 |       ||     2
  Use: Potion            |       |     1 ||     1
Armor: Ring mail         |    13 |       ||    13
       Scale mail        |    42 |    12 ||    54
Dodge: Dodged            |    62 |     5 ||    67

Table legend: (Time is in decaauts)
 A = Elapsed time spent in this place.
 B = Non-inter-level travel time spent in this place.
 C = Inter-level travel time spent in this place.
 D = Time resting spent in this place.
 E = Time spent auto-exploring this place.
 F = Levels seen in this place.
 G = Mean time per level.
                   A        B        C        D        E       F      G
               +--------+--------+--------+--------+--------+-----+--------+
         Total |   1186 |   1117 |     69 |    132 |    631 |   2 |  593.0 |
       Dungeon |   1186 |   1117 |     69 |    132 |    631 |   2 |  593.0 |
               +--------+--------+--------+--------+--------+-----+--------+

Top non-repeatable levels by time:
     D:2: 635 daAuts
     D:1: 550 daAuts
